PAAA
BAKERSFIELD NOBLES @ FLORIDA MEN
07/16/2023
 
TOP OF THE 1ST
Bakersfield Nobles batting - Pitching for Florida Men : RHP Jeff Krause
Pitching: RHP Jeff Krause
Batting: RHB Arnie Latham 0-0: Called Strike
0-1: Called Strike
0-2: Foul Ball, location: 2F
0-2: Ball
1-2: Ground out 6-3 (Groundball, 6)
Batting: RHB Manuel Villarreal 0-0: Ball
1-0: Called Strike
1-1: Ball
2-1: Swinging Strike
2-2: Ball
3-2: Base on Balls
Batting: RHB Ted Cook 0-0: Ball
1-0: Called Strike
1-1: Ball
2-1: Called Strike
2-2: Foul Ball, location: 2F
2-2: SINGLE (Flyball, 8RS)
Manuel Villarreal to second
Runner from 2nd tries for 3rd, OUT after rundown.
Batting: LHB Jorge Pérez 0-0: Ball
1-0: Ball
2-0: Called Strike
2-1: Ball
3-1: Foul Ball, location: 2F
3-2: Fly out, F7 (Flyball, 7S)
Top of the 1st over - 0 run(s), 1 hit(s), 0 error(s), 1 left on base; Bakersfield 0 - Florida 0
BOTTOM OF THE 1ST
Florida Men batting - Pitching for Bakersfield Nobles : RHP Larry Branch
Pitching: RHP Larry Branch
Batting: RHB Jim Unknown 0-0: Ball
1-0: Called Strike
1-1: Ground out 4-3 (Groundball, 4S)
Batting: RHB Jim Unknown 0-0: Called Strike
0-1: Swinging Strike
0-2: Strikes out swinging
Batting: RHB Seon-keun Kim 0-0: Ground out 6-3 (Groundball, 6M)
Bottom of the 1st over - 0 run(s), 0 hit(s), 0 error(s), 0 left on base; Bakersfield 0 - Florida 0
TOP OF THE 2ND
Bakersfield Nobles batting - Pitching for Florida Men : RHP Jeff Krause
Batting: LHB Gregg Young 0-0: Called Strike
0-1: Ball
1-1: SINGLE (Line Drive, 8RS)
Batting: RHB Floyd Mitchell 0-0: Called Strike
0-1: Foul Ball, location: 2F
0-2: Ball
1-2: SINGLE (Groundball, 6M)
Gregg Young to second
Runner from 2nd tries for 3rd, SAFE, no throw or cutoff
Batting: SHB Jon Jenkins 0-0: Ball
1-0: Called Strike
1-1: Ball
2-1: Fly out, F8 (Flyball, 8RM)
Runner from 3rd tags up, SCORES, throw made
Batting: LHB Emery Miller 0-0: Ball
1-0: Ball
2-0: Swinging Strike
2-1: Grounds into double play, 4-6-3 (Groundball, 4)
Top of the 2nd over - 1 run(s), 2 hit(s), 0 error(s), 0 left on base; Bakersfield 1 - Florida 0
BOTTOM OF THE 2ND
Florida Men batting - Pitching for Bakersfield Nobles : RHP Larry Branch
Batting: RHB Jim Unknown 0-0: Called Strike
0-1: Called Strike
0-2: Foul Ball, location: 2F
0-2: Ball
1-2: Strikes out looking
Batting: RHB Gilberto Patino 0-0: Ball
1-0: Ball
2-0: Ball
3-0: Called Strike
3-1: Fly out, F4 (Line Drive, 4M)
Batting: SHB Luis Gutiérrez 0-0: Ball
1-0: Foul Ball, location: 2F
1-1: SINGLE (Line Drive, 9S)
Batting: RHB Frank Collins 0-0: SINGLE (Line Drive, 34D)
Luis Gutiérrez to second
Batting: RHB Barry Martínez 0-0: Called Strike
0-1: SINGLE (Line Drive, 4D)
Luis Gutiérrez to third
Frank Collins to second
Runner from 3rd tries for Home, SAFE, no throw or cutoff
Batting: RHB Jim Unknown 0-0: Called Strike
0-1: Fly out, F7 (Line Drive, 7M)
Bottom of the 2nd over - 1 run(s), 3 hit(s), 0 error(s), 2 left on base; Bakersfield 1 - Florida 1
TOP OF THE 3RD
Bakersfield Nobles batting - Pitching for Florida Men : RHP Jeff Krause
Batting: RHB Luis Jiménez 0-0: SOLO HOME RUN (Line Drive, 7D), Distance : 392 ft
Batting: RHB Arnie Latham 0-0: Foul Ball, location: 2F
0-1: Fly out, F5 (Line Drive, 5)
Batting: RHB Manuel Villarreal 0-0: Ball
1-0: Ball
2-0: Ball
3-0: Called Strike
3-1: Base on Balls
Batting: RHB Ted Cook 0-0: Fly out, F9 (Flyball, 9LM)
Batting: LHB Jorge Pérez 0-0: Ground out 3-1 (Groundball, 34)
Top of the 3rd over - 1 run(s), 1 hit(s), 0 error(s), 1 left on base; Bakersfield 2 - Florida 1
BOTTOM OF THE 3RD
Florida Men batting - Pitching for Bakersfield Nobles : RHP Larry Branch
Batting: RHB Jim Unknown 0-0: Called Strike
0-1: Swinging Strike
0-2: SINGLE (Line Drive, 7S)
Batting: RHB Jim Unknown 0-0: Ball
1-0: Grounds into double play, 6-4-3 (Groundball, 6)
Batting: RHB Seon-keun Kim 0-0: Ball
1-0: Reached on error, E5 (Groundball, 5S)
Batting: RHB Jim Unknown 0-0: Foul Ball, location: 2F
0-1: Ball
1-1: SINGLE (Groundball, 34D)
Seon-keun Kim to second
Runner from 2nd tries for 3rd, OUT!
Bottom of the 3rd over - 0 run(s), 2 hit(s), 1 error(s), 1 left on base; Bakersfield 2 - Florida 1
TOP OF THE 4TH
Bakersfield Nobles batting - Pitching for Florida Men : RHP Jeff Krause
Batting: LHB Gregg Young 0-0: Fly out, F6 (Line Drive, 6M)
Batting: RHB Floyd Mitchell 0-0: Ball
1-0: SOLO HOME RUN (Line Drive, 7D), Distance : 372 ft
Batting: SHB Jon Jenkins 0-0: Swinging Strike
0-1: Ball
1-1: Foul Ball, location: 2F
1-2: Ball
2-2: Strikes out looking
Batting: LHB Emery Miller 0-0: Ball
1-0: Ball
2-0: Called Strike
2-1: Ball
3-1: Fly out, F7 (Flyball, 78S)
Top of the 4th over - 1 run(s), 1 hit(s), 0 error(s), 0 left on base; Bakersfield 3 - Florida 1
BOTTOM OF THE 4TH
Florida Men batting - Pitching for Bakersfield Nobles : RHP Larry Branch
Batting: RHB Gilberto Patino 0-0: Ground out 5-3 (Groundball, 5)
Batting: SHB Luis Gutiérrez 0-0: SINGLE (Groundball, 4MD)
Batting: RHB Frank Collins 0-0: Ball
1-0: Ball
2-0: Ball
3-0: Base on Balls
Luis Gutiérrez to second
Batting: RHB Barry Martínez 0-0: Foul Ball, location: 2F
0-1: Fly out, F6 (Popup, 6D)
Batting: RHB Jim Unknown 0-0: Called Strike
0-1: Foul Ball, location: 2F
0-2: Ball
1-2: SINGLE (Line Drive, 6MD)
Luis Gutiérrez to third
Frank Collins to second
Runner from 3rd tries for Home, SAFE, no throw or cutoff
Batting: RHB Jim Unknown 0-0: Ball
1-0: Called Strike
1-1: Foul Ball, location: 2F
1-2: Ball
2-2: Fly out, F4 (Line Drive, 4)
Bottom of the 4th over - 1 run(s), 2 hit(s), 0 error(s), 2 left on base; Bakersfield 3 - Florida 2
TOP OF THE 5TH
Bakersfield Nobles batting - Pitching for Florida Men : RHP Jeff Krause
Batting: RHB Luis Jiménez 0-0: Ground out 6-3 (Groundball, 6)
Batting: RHB Arnie Latham 0-0: Called Strike
0-1: Ground out 5-3 (Groundball, 56S)
Batting: RHB Manuel Villarreal 0-0: Foul Ball, location: 2F
0-1: Ball
1-1: Foul Ball, location: 2F
1-2: Ball
2-2: Foul Ball, location: 2F
2-2: Foul Ball, location: 2F
2-2: Ball
3-2: Fly out, F9 (Flyball, 9D)
Top of the 5th over - 0 run(s), 0 hit(s), 0 error(s), 0 left on base; Bakersfield 3 - Florida 2
BOTTOM OF THE 5TH
Florida Men batting - Pitching for Bakersfield Nobles : RHP Larry Branch
Batting: RHB Jim Unknown 0-0: Ball
1-0: Ball
2-0: Ball
3-0: Base on Balls
Batting: RHB Seon-keun Kim 0-0: Foul Ball, location: 2F
0-1: Ball
1-1: Grounds into double play, 6-4-3 (Groundball, 6)
Batting: RHB Jim Unknown 0-0: Ball
1-0: SINGLE (Groundball, 56D)
Batting: RHB Gilberto Patino 0-0: Fly out, F8 (Flyball, 8LXD)
Bottom of the 5th over - 0 run(s), 1 hit(s), 0 error(s), 1 left on base; Bakersfield 3 - Florida 2
TOP OF THE 6TH
Bakersfield Nobles batting - Pitching for Florida Men : RHP Jeff Krause
Batting: RHB Ted Cook 0-0: Called Strike
0-1: Ball
1-1: Ball
2-1: Ball
3-1: Foul Ball, location: 2F
3-2: Base on Balls
Batting: LHB Jorge Pérez 0-0: Ball
1-0: Ball
2-0: Ball
Pickoff Throw to First - Out!
3-0: Called Strike
3-1: Fly out, F9 (Flyball, 89D)
Batting: LHB Gregg Young 0-0: Ball
1-0: Called Strike
1-1: Foul Ball, location: 2F
1-2: Foul Ball, location: 2F
1-2: Ball
2-2: DOUBLE (Flyball, 78D)
Batting: RHB Floyd Mitchell 0-0: Foul Ball, location: 2F
0-1: Called Strike
0-2: Foul Ball, location: 2F
0-2: Foul Ball, location: 2F
0-2: Ball
1-2: Ball
2-2: Ball
3-2: Strikes out swinging
Top of the 6th over - 0 run(s), 1 hit(s), 0 error(s), 1 left on base; Bakersfield 3 - Florida 2
BOTTOM OF THE 6TH
Florida Men batting - Pitching for Bakersfield Nobles : RHP Larry Branch
Batting: SHB Luis Gutiérrez 0-0: Swinging Strike
0-1: Ground out 4-3 (Groundball, 13)
Batting: RHB Frank Collins 0-0: Ball
1-0: Ball
2-0: Ball
3-0: Base on Balls
Batting: RHB Barry Martínez 0-0: Ball
1-0: Called Strike
1-1: Ball
2-1: Ball
3-1: Grounds into double play, 5-4-3 (Groundball, 5)
Bottom of the 6th over - 0 run(s), 0 hit(s), 0 error(s), 0 left on base; Bakersfield 3 - Florida 2
TOP OF THE 7TH
Bakersfield Nobles batting - Pitching for Florida Men : RHP Jeff Krause
Batting: SHB Jon Jenkins 0-0: Ball
1-0: Ball
2-0: Ball
3-0: Base on Balls
Pitching: RHP Alberto Ríos
Batting: LHB Emery Miller 0-0: Bunt missed!
0-1: Ball
1-1: Bunted foul
1-2: Ball
2-2: Ground out 1-3 (Groundball, 34S)
Jon Jenkins to second
Pinch Hitting: RHB Abílio Conceio 0-0: Intentional Walk
Pinch Hitting: LHB Alberto Enríquez 0-0: Called Strike
0-1: Foul Ball, location: 2F
0-2: Ball
1-2: Foul Ball, location: 2F
1-2: Ball
2-2: Ball
3-2: DOUBLE (Line Drive, 7LS)
Jon Jenkins scores
Abílio Conceio to third
Batting: RHB Manuel Villarreal 0-0: Ball
1-0: Ball
2-0: Foul Ball, location: 2F
2-1: Ball
3-1: Swinging Strike
3-2: Base on Balls
Batting: RHB Ted Cook 0-0: Fly out, F8 (Line Drive, 8LM)
Runner from 3rd tags up, SCORES, throw made
Batting: LHB Jorge Pérez 0-0: Called Strike
0-1: Ball
1-1: Called Strike
1-2: Ball
2-2: Ground out U3 (Groundball, 3S)
Top of the 7th over - 2 run(s), 1 hit(s), 0 error(s), 2 left on base; Bakersfield 5 - Florida 2
BOTTOM OF THE 7TH
Florida Men batting - Pitching for Bakersfield Nobles : RHP Larry Branch
Now at SS: Lloyd Alberink
Now in CF: Alberto Enríquez
Batting: RHB Jim Unknown 0-0: Ball
1-0: Bunt missed!
1-1: Fly out, F4 (Popup, 34)
Batting: RHB Jim Unknown 0-0: Ball
1-0: Called Strike
1-1: Foul Ball, location: 2F
1-2: Foul Ball, location: 2F
1-2: Ball
2-2: SINGLE (Groundball, 56D)
Batting: RHB Jim Unknown 0-0: Foul Ball, location: 2F
Balk!
Jim Unknown to second
0-1: Foul Ball, location: 2F
0-2: Foul Ball, location: 2F
0-2: Foul Ball, location: 2F
0-2: Ball
1-2: Strikes out swinging
Batting: RHB Seon-keun Kim 0-0: Called Strike
0-1: Swinging Strike
0-2: Ball
1-2: Foul Ball, location: 2F
1-2: Strikes out swinging
Bottom of the 7th over - 0 run(s), 1 hit(s), 0 error(s), 1 left on base; Bakersfield 5 - Florida 2
TOP OF THE 8TH
Bakersfield Nobles batting - Pitching for Florida Men : RHP Alberto Ríos
Batting: LHB Gregg Young 0-0: Foul Ball, location: 2F
0-1: Ball
1-1: Ground out 4-3 (Groundball, 4S)
Batting: RHB Floyd Mitchell 0-0: Swinging Strike
0-1: Ball
1-1: SINGLE (Groundball, 56S)
Batting: SHB Jon Jenkins 0-0: Called Strike
0-1: Called Strike
0-2: Ball
1-2: Ball
2-2: Foul Ball, location: 2F
2-2: Foul Ball, location: 2F
2-2: Fly out, F8 (Flyball, 78XD)
Batting: LHB Emery Miller 0-0: Ball
1-0: Called Strike
1-1: Ball
2-1: SINGLE (Line Drive, 4M)
Floyd Mitchell to second
Batting: RHB Lloyd Alberink 0-0: Called Strike
0-1: Ball
1-1: Ball
2-1: Swinging Strike
2-2: Ground out 4-3 (Groundball, 34)
Top of the 8th over - 0 run(s), 2 hit(s), 0 error(s), 2 left on base; Bakersfield 5 - Florida 2
BOTTOM OF THE 8TH
Florida Men batting - Pitching for Bakersfield Nobles : RHP Larry Branch
Batting: RHB Jim Unknown 0-0: Ball
1-0: Ball
2-0: Ground out 6-3 (Groundball, 6)
Batting: RHB Gilberto Patino 0-0: Called Strike
0-1: Swinging Strike
0-2: Ball
1-2: Ground out 6-3 (Groundball, 6)
Batting: SHB Luis Gutiérrez 0-0: Ground out 4-3 (Groundball, 4)
Bottom of the 8th over - 0 run(s), 0 hit(s), 0 error(s), 0 left on base; Bakersfield 5 - Florida 2
TOP OF THE 9TH
Bakersfield Nobles batting - Pitching for Florida Men : RHP Alberto Ríos
Pitching: RHP Jim Unknown
Batting: LHB Alberto Enríquez 0-0: SINGLE (Groundball, 3S) (infield hit)
Batting: RHB Manuel Villarreal 0-0: Called Strike
0-1: Ball
1-1: Foul Ball, location: 2F
1-2: Foul Ball, location: 2F
1-2: Strikes out swinging
Batting: RHB Ted Cook 0-0: Ball
1-0: Called Strike
Pickoff Throw by Catcher to First - Error! E2
Alberto Enríquez to second
1-1: Foul Ball, location: 2F
1-2: SINGLE (Line Drive, 3D)
Alberto Enríquez to third
Runner from 3rd tries for Home, SAFE, throw made home
Batting: LHB Jorge Pérez 0-0: Fly out, F7 (Flyball, 78M)
Batting: LHB Gregg Young 0-0: Called Strike
0-1: Called Strike
0-2: Foul Ball, location: 2F
0-2: Ball
1-2: Ball
2-2: Ball
3-2: Ground out 4-3 (Groundball, 4)
Top of the 9th over - 1 run(s), 2 hit(s), 1 error(s), 1 left on base; Bakersfield 6 - Florida 2
BOTTOM OF THE 9TH
Florida Men batting - Pitching for Bakersfield Nobles : RHP Larry Branch
Batting: RHB Frank Collins 0-0: Fly out, F4 (Popup, 4MS)
Batting: RHB Barry Martínez 0-0: Ball
1-0: Called Strike
1-1: SINGLE (Line Drive, 89S)
Batting: RHB Jim Unknown 0-0: Fly out, F3 (Popup, 3F)
Batting: RHB Jim Unknown 0-0: Ball
1-0: Ball
2-0: Called Strike
2-1: Ground out 4-3 (Groundball, 4)
Bottom of the 9th over - 0 run(s), 1 hit(s), 0 error(s), 1 left on base; Bakersfield 6 - Florida 2
This league is powered by Out of the Park Baseball, the baseball management simulation game for PC, Mac and Linux
Friday, July 8th, 2016 - OOTP Baseball 16.9 Build 39